 Dungeon Crawl Stone Soup version 0.26.1-10-gdfb7c7de75 (webtiles) character file.

Game seed: 8225375524070290320

2766 diana the Fighter (level 9, 0/76 HPs)
             Began as a Demonspawn Gladiator on Apr 11, 2021.
             Was a Believer of Okawaru.
             Slain by Gastronok (10 damage)
             ... on level 8 of the Dungeon.
             The game lasted 00:13:21 (8547 turns).

diana the Fighter (Demonspawn Gladiator)            Turns: 8547, Time: 00:13:22

Health: 0/76       AC:  9    Str: 26    XL:     9   Next: 42%
Magic:  8/9        EV: 14    Int:  9    God:    Okawaru [**....]
Gold:   544        SH:  0    Dex: 16    Spells: 8/8 levels left

rFire    + . .     SeeInvis .   a - +0 long sword
rCold    + . .     Faith    .   (no shield)
rNeg     . . .     Spirit   .   G - +2 ring mail {rC+}
rPois    .         Reflect  .   c - +0 helmet
rElec    .         Harm     +   p - scarf {harm}
rCorr    .         Rampage  .   (no gloves)
Will     +....                  (boots unavailable)
Stlth    +.........             (no amulet)
HPRegen  0.22/turn              l - +6 ring of strength
MPRegen  0.11/turn              y - ring of Iptuilosh {Will+ Str+3}

@: slowed, very slow
A: talons 3, fire resistance 1
a: Renounce Religion, Heroism


You were on level 8 of the Dungeon.
You worshipped Okawaru.
Okawaru was pleased with you.
You visited 2 branches of the dungeon, and saw 9 of its levels.

You collected 544 gold pieces.

Inventory:

Hand Weapons
 a - a +0 long sword (weapon)
Missiles
 d - 6 throwing nets (quivered)
Armour
 c - a +0 helmet (worn)
 p - a scarf of harm (worn)
 G - a +2 ring mail of cold resistance (worn)
Jewellery
 l - a +6 ring of strength (left hand)
 o - an uncursed ring of see invisible
 y - the ring of Iptuilosh (right hand) {Will+ Str+3}
   (You found it on level 5 of the Dungeon)

   [ring of willpower]

   It affects your strength (+3).
   It affects your willpower, your defense against some magical effects.
Wands
 D - a wand of flame (13)
Scrolls
 e - 5 scrolls of enchant weapon
 k - 7 scrolls of teleportation
 n - a scroll of random uselessness {unknown}
 s - a scroll of enchant armour {unknown}
 u - 2 scrolls of remove curse
 x - a scroll of vulnerability {unknown}
 B - a scroll of immolation {unknown}
 E - a scroll of magic mapping {unknown}
Potions
 b - a potion of lignification {unknown}
 g - 2 potions of haste
 h - 2 potions of heal wounds
 i - 2 potions of cancellation {unknown}
 j - 2 potions of degeneration {unknown}
 q - 2 potions of mutation {unknown}
 r - a potion of invisibility {unknown}
 t - 2 potions of brilliance {unknown}
 v - a potion of might {unknown}
 w - 6 potions of curing
 z - a potion of ambrosia {unknown}
 C - 2 potions of resistance {unknown}


   Skills:
 * Level 9.3 Fighting
 + Level 6.7 Long Blades
 - Level 1.7 Throwing
 - Level 4.0 Armour
 - Level 5.0 Dodging


You had 8 spell levels left.
You didn't know any spells.
Your spell library contained the following spells:

 Spells                   Type           Power        Failure   Level
 Magic Dart               Conj           0%           52%         1
 Blink                    Tloc           N/A          65%         2
 Call Imp                 Summ           0%           65%         2
 Slow                     Hex            0%           65%         2
 Conjure Flame            Conj/Fire      0%           87%         3
 Mephitic Cloud           Conj/Pois/Air  0%           87%         3


Dungeon Overview and Level Annotations

Branches:
Dungeon (8/15)             Temple (1/1) D:5
   Lair: D:8-11

Altars:
Ashenzari
Cheibriados
Dithmenos
Elyvilon
Fedhas
Gozag
Hepliaklqana
Kikubaaqudgha
Makhleb
Nemelex Xobeh
Okawaru
Qazlal
Ru
Sif Muna
Trog
Uskayaw
Vehumet
Wu Jian
Xom
Yredelemnul
Zin
The Shining One

Shops:
D:8 ?

Annotations:
D:5 1 runed translucent door, jombi's ghost, novice KoDe
D:8 Gastronok


Innate Abilities, Weirdness & Mutations

You have claws for feet.
Your flesh is heat resistant. (rF+)


Message History

Gastronok bites you!
You hit Gastronok. You claw Gastronok!!
Gastronok is moderately wounded.
Gastronok misses you.
You slice Gastronok!!
Gastronok is heavily wounded.
You hit Gastronok. You claw Gastronok!!
Gastronok is severely wounded.
Gastronok completely misses you.
You hit Gastronok. You claw Gastronok!
Gastronok is severely wounded.
You hit Gastronok. You claw Gastronok, but do no damage.
Gastronok is severely wounded.
Gastronok bites you!!
* * * LOW HITPOINT WARNING * * *
You slash Gastronok! You claw Gastronok.
Gastronok is almost dead.
You feel like a meek peon again. Gastronok bites you!
You die...

#.# ### #.# . ..# #.# ..
#.# ####.## '# #.#
#..... '∩ #.# #.##.#
.#'#. ##
#.#######.##.##......
.###..>.)....)..@.......
...)..)#####.##.#w......
.#####..........#..#####
... #######.......# ##.#
######.## # .# .# # # .#
# .#


You could see Gastronok.

Vanquished Creatures
  Harold (D:7)
  A water moccasin (D:6)
  An ice beast (D:7)
  A phantom (D:8)
  4 ogres
  A centaur (D:7)
  3 bullfrogs (D:7)
  A scorpion (D:5)
  5 howler monkeys
  2 jellies
  2 centaur skeletons
  An orc priest (D:7)
  A bullfrog skeleton (D:6)
  5 hounds
  Jessica (D:2)
  2 iguanas
  An orc wizard (D:5)
  3 worker ants (D:4)
  Robin (D:2)
  A worker ant zombie (D:6)
  4 gnolls (D:2)
  10 adders
  3 shadow imps
  2 white imps
  3 oozes
  An adder zombie (D:5)
  An adder skeleton (D:4)
  3 worms
  3 dart slugs
  3 leopard geckos
  47 orcs
  2 ball pythons
  7 giant cockroaches
  12 hobgoblins
  7 kobolds
  7 quokkas
  8 bats
  6 frilled lizards
  21 goblins
  A leopard gecko skeleton (D:6)
  A quokka skeleton (D:4)
  13 rats
203 creatures vanquished.

Notes
Turn   | Place    | Note
-------+----------+-------------------------------------------
     0 | D:1      | diana the Demonspawn Gladiator began the quest for the Orb.
     0 | D:1      | Reached XP level 1. HP: 16/16 MP: 1/1
   288 | D:1      | Gained mutation: Your flesh is heat resistant. (rF+)
                  | [demonic ancestry]
   288 | D:1      | Reached XP level 2. HP: 12/23 MP: 2/2
   921 | D:1      | Gained mutation: You have sharp toenails. [demonic
                  | ancestry]
   921 | D:1      | Reached XP level 3. HP: 18/28 MP: 3/3
  1241 | D:1      | Reached skill level 3 in Fighting
  1390 | D:2      | Noticed Jessica
  1396 | D:2      | Killed Jessica
  1397 | D:2      | Reached XP level 4. HP: 19/35 MP: 4/4
  1722 | D:2      | Reached skill level 1 in Armour
  1940 | D:2      | Noticed Robin
  2118 | D:2      | Reached XP level 5. HP: 31/41 MP: 5/5
  2493 | D:2      | Killed Robin
  3067 | D:3      | Found a sparkling altar of Nemelex Xobeh.
  3776 | D:3      | Reached XP level 6. HP: 47/47 MP: 6/6
  4485 | D:4      | Reached XP level 7. HP: 53/53 MP: 7/7
  4507 | D:4      | Reached skill level 4 in Fighting
  4708 | D:5      | Entered Level 5 of the Dungeon
  5295 | D:5      | Reached skill level 5 in Dodging
  5547 | D:5      | Found a staircase to the Ecumenical Temple.
  5575 | Temple   | Entered the Ecumenical Temple
  5718 | Temple   | Became a worshipper of Warmaster Okawaru
  5941 | D:5      | Got a smoking brass ring
  5948 | D:5      | Found a runed translucent door.
  5950 | D:5      | Noticed jombi's ghost (novice KoDe)
  6004 | D:5      | Reached skill level 5 in Fighting
  6019 | D:5      | Identified the ring of Iptuilosh {Will+ Str+3} (You found
                  | it on level 5 of the Dungeon)
  6544 | D:6      | Gained mutation: You have razor-sharp toenails. [demonic
                  | ancestry]
  6544 | D:6      | Reached XP level 8. HP: 62/62 MP: 8/8
  7105 | D:7      | Reached skill level 6 in Fighting
  7113 | D:6      | Reached skill level 5 in Long Blades
  7415 | D:7      | Reached * piety under Okawaru
  7564 | D:7      | Reached skill level 7 in Fighting
  8082 | D:7      | Noticed Harold
  8097 | D:7      | Killed Harold
  8097 | D:7      | Reached ** piety under Okawaru
  8098 | D:7      | Reached skill level 9 in Fighting
  8098 | D:7      | Gained mutation: You have claws for feet. [demonic
                  | ancestry]
  8098 | D:7      | Reached XP level 9. HP: 33/76 MP: 6/9
  8530 | D:8      | Noticed Gastronok
  8534 | D:8      | Found Koepseir's Magic Scroll Shoppe.
  8547 | D:8      | Slain by Gastronok

Illustrated notes

Levels and vault maps discovered:
D:1:      dpeg_arrival_ratfight, layout_basic, minmay_octomino_c4
D:2:      layout_basic, guppyfry_early_orc_mine, uniq_robin, uniq_jessica
D:3:      layout_loops_cross, nemelex_xobeh_ov_fountains_minmay,
          minmay_quantized
D:4:      layout_rooms, due_unseen_surprise
D:5:      layout_loops_corners, minmay_temple_entry_mini_moons,
          ebering_ghost_sewer_d
D:6:      layout_gridville
D:7:      layout_loops_ring, kennysheep_generic_room_14, uniq_harold
D:8:      layout_loops_ring, serial_shops, nicolae_shop_overgrown_old_shop,
          shop, kennysheep_mini_moat, shop, shop_fountains, basic_altar,
          uniq_grum, uniq_gastronok
Temple:   kilobyte_greek_temple

Skill      XL: |  1  2  3  4  5  6  7  8 |
---------------+-------------------------+-----
Long Blades    | 3 4 6 |  6.7
Dodging        | 3 4 5 |  5.0
Fighting       | 3 5 9 |  9.3
Armour         | 1 2 3 4 |  4.0
Throwing       | |  1.7

Action                   |  1- 3 |  4- 6 |  7- 9 || total
-------------------------+-------+-------+-------++-------
Melee: Long sword        |    91 |   170 |   209 ||   470
       Kick              |     6 |    54 |   106 ||   166
Throw: Throwing net      |       |       |     1 ||     1
Invok: Heroism           |       |       |     2 ||     2
  Use: Scroll            |       |       |     8 ||     8
 Stab: Sleeping          |     1 |       |     1 ||     2
       Held in net/web   |       |       |     1 ||     1
Armor: Leather armour    |    38 |    18 |    21 ||    77
       Ring mail         |       |    28 |    19 ||    47
Dodge: Dodged            |    74 |   135 |   156 ||   365
       Rpst.: Long sword |    18 |    37 |    56 ||   111
